 Dungeon Crawl Stone Soup version 0.29.1-2-gbd0b4ee654 (webtiles) character file.

Game seed: 7830747040932381934

11 zeram the Grave Robber (level 2, -2/13 HPs)
             Began as a Spriggan Necromancer on Nov 30, 2022.
             Slain by a goblin
             ... wielding a +0 dagger
              (3 damage)
             ... on level 1 of the Dungeon.
             The game lasted 00:01:48 (427 turns).

zeram the Grave Robber (Spriggan Necromancer)        Turns: 427, Time: 00:01:49

Health: -2/13      AC:  2    Str:  4    XL:     2   Next: 13%
Magic:  7/7        EV: 17    Int: 16    God:
Gold:   38         SH:  0    Dex: 15    Spells: 6/7 levels left

rFire   . . .      SeeInvis +   g - +0 whip
rCold   . . .      Faith    .   (no shield)
rNeg    . . .      Spirit   .   a - +0 robe
rPois   .          Reflect  .   (helmet restricted)
rElec   .          Harm     .   (no cloak)
rCorr   .          Rampage  .   (gloves unavailable)
Will    .....                   (boots unavailable)
Stlth   ++........              (no amulet)
HPRegen 0.04/turn               (no ring)
MPRegen 0.10/turn               (no ring)

@: very quick
A: very small, no large weapons, unfitting armour, see invisible, speed 3
a: no special abilities


You were on level 1 of the Dungeon.
You visited 1 branch of the dungeon, and saw 1 of its levels.

You collected 38 gold pieces.

Inventory:

Hand Weapons
 c - a +0 club
 g - a +0 whip (weapon)
Armour
 a - a +0 robe (worn)
Jewellery
 d - an amulet of faith
Potions
 b - a potion of magic
 e - a potion of attraction {unknown}
 f - a potion of heal wounds {unknown}


   Skills:
 + Level 2.7 Dodging
 - Level 3.0 Stealth
 + Level 3.0 Spellcasting
 + Level 4.0 Necromancy


You had 6 spell levels left.
You knew the following spells:

 Your Spells              Type           Power      Damage    Failure   Level
a - Necrotise             Necr           60%        1d7       3%          1

Your spell library contained the following spells:

 Spells                   Type           Power      Damage    Failure   Level
 Vampiric Draining        Necr           15%        2d7       11%         3
 Animate Dead             Necr           15%        N/A       34%         4
 Agony                    Necr           15%        N/A       69%         5


Dungeon Overview and Level Annotations

Branches:
Dungeon (1/15)

Altars:


Innate Abilities, Weirdness & Mutations

You are very small and have problems with some larger weapons.
You are too small for most types of armour.
You have supernaturally acute eyesight. (SInv)
You cover ground extremely quickly. (Speed+++)


Message History

Your Spellcasting skill increases to level 3!
f - a murky brown potion You now have 38 gold pieces (gained 11).
You see here a +0 whip.
g - a +0 whip
g - a +0 whip (weapon)
Okay, then.
You aren't carrying any scrolls.
You aren't carrying any scrolls.
Something hits your hobgoblin skeleton. Something hits your hobgoblin skeleton.
Something hits your hobgoblin skeleton.
Your hobgoblin skeleton is destroyed!
A goblin comes into view. It is wielding a +0 dagger.
A goblin is nearby!
A goblin is nearby!
A goblin is nearby!
A goblin is nearby!
A goblin is nearby!
You are too injured to fight recklessly!
You are too injured to fight recklessly!
You are too injured to fight recklessly!
You are too injured to fight recklessly!
You are too injured to fight recklessly!
You are too injured to fight recklessly!
You closely miss the goblin.
The goblin shouts!
The goblin closely misses you.
You hit the goblin but do no damage. The goblin hits you with a +0 dagger.
You barely miss the goblin. The goblin closely misses you.
You barely miss the goblin. The goblin barely misses you.
You closely miss the goblin. The goblin closely misses you.
You hit the goblin.
The goblin is heavily wounded.
The goblin hits you with a +0 dagger.
* * * LOW HITPOINT WARNING * * *
You closely miss the goblin.
The goblin is heavily wounded.
The goblin hits you with a +0 dagger.
You die...

#..## #..[#####
#.#.....#
#.#####.# # #.#
#.# # #.#
#.######## # #.#
#.>...Z..# #
#.#######g####.#
# ..........@# #
#######..# ##
#..# .## #..#
..# ##.# #.# #..
..# #... ###
#### #


You could see a goblin.

Vanquished Creatures
  A goblin (D:1)
  2 hobgoblins (D:1)
  A jackal (D:1)
  2 bats (D:1)
  A frilled lizard (D:1)
  2 kobolds (D:1)
9 creatures vanquished.

Vanquished Creatures (collateral kills)
  A jackal (D:1)
  A rat (D:1)
2 creatures vanquished.

Grand Total: 11 creatures vanquished

Notes
Turn   | Place    | Note
-------+----------+-------------------------------------------
     0 | D:1      | zeram the Spriggan Necromancer began the quest for the Orb.
     0 | D:1      | Reached XP level 1. HP: 9/9 MP: 5/5
   235 | D:1      | Reached XP level 2. HP: 13/13 MP: 3/6
   294 | D:1      | Reached skill level 4 in Necromancy
   427 | D:1      | Slain by a goblin

Illustrated notes

Levels and vault maps discovered:
D:1:      minmay_arrival_hallway, layout_basic, minmay_misc_feat_rugged

Skill      XL: |  1  2 |
---------------+-------+-----
Necromancy     | 4 |  4.0
Spellcasting   | 3 |  3.0
Dodging        | |  2.7
Stealth        | |  3.0

Action                   || total
-------------------------++-------
Melee: Unarmed           ||     4
       Club              ||    20
       Whip              ||     7
 Cast: Necrotise         ||    15
Armor: Robe              ||     7
Dodge: Dodged            ||    29
